 Dungeon Crawl Stone Soup version 0.27-a0-535-g7eaf864cf9 (webtiles) character file.

Game seed: 4886564553916919228

55802 Crag the Bewitcher (level 14, -5/106 HPs)
             Began as a Vampire Enchanter on Jan 31, 2021.
             Was a High Priest of Dithmenos.
             Slain by a death yak (24 damage)
             ... on level 3 of the Lair of Beasts on Mar 6, 2021.
             The game lasted 04:48:29 (26488 turns).

Crag the Bewitcher (Vampire Enchanter)             Turns: 26488, Time: 04:48:31

Health: -5/106     AC: 12    Str:  3    XL:     14   Next: 39%
Magic:  19/24      EV: 17    Int: 23    God:    Dithmenos [*****.]
Gold:   1569       SH:  0    Dex: 20    Spells: 17/27 levels left

rFire    + . .     SeeInvis +   Z - +3 rapier "Q" {venom, +Blink rElec Will+ Str-4}
rCold    + . .     Faith    .   (no shield)
rNeg     + . .     Spirit   .   q - +4 leather armour of the Present {rElec rN+}
rPois    .         Reflect  .   v - +0 helmet
rElec    +         Harm     .   p - scarf {rC+ rF+}
rCorr    .         Rampage  .   z - +1 pair of gloves
Will     +++..                  f - +1 pair of boots
Stlth    +++++++++.             t - amulet of the acrobat
HPRegen  0.47/turn              u - ring of willpower
MPRegen  0.19/turn              O - +6 ring of intelligence

@: regenerating quickly, wreathed by umbra
A: fangs 3, see invisible, unbreathing 1
a: Exsanguinate, Renounce Religion, Evoke Blink, Shadow Step, Shadow Form


You were on level 3 of the Lair of Beasts.
You worshipped Dithmenos.
Dithmenos was extremely pleased with you.
You visited 2 branches of the dungeon, and saw 20 of its levels.
You also visited: Ice Cave.

You collected 1569 gold pieces.

Inventory:

Hand Weapons
 a - a +2 short sword of electrocution
 Z - the +3 rapier "Q" (weapon) {venom, +Blink rElec Will+ Str-4}
   (You found it on level 5 of the Lair of Beasts)

   It poisons the flesh of those it strikes.
   It affects your strength (-4).
   It insulates you from electricity.
   It affects your willpower, your defense against some magical effects.
   It lets you blink.
Missiles
 m - 6 datura-tipped darts
 F - 5 curare-tipped darts (quivered)
 U - 32 poisoned darts
Armour
 f - a +1 pair of boots (worn)
 i - a +0 leather armour of willpower
 p - a scarf of resistance (worn)
 q - the +4 leather armour of the Present (worn) {rElec rN+}
   (You took it off a gnoll on level 5 of the Dungeon)

   It insulates you from electricity.
   It protects you from negative energy.
 s - the +0 robe of Divine Compulsion {*Corrode rF+ Str+3 Int+3}
   (You found it on level 6 of the Lair of Beasts)

   It affects your strength (+3).
   It affects your intelligence (+3).
   It protects you from fire.
   It may corrode you when you take damage.
 v - a +0 helmet (worn)
 y - a +2 robe of fire resistance
 z - a +1 pair of gloves (worn)
 M - the +1 leather armour of Time Monsters {rPois}
   (You found it on level 1 of the Lair of Beasts)

   It protects you from poison.
 S - the +0 cloak "Resaban" {Str+8}
   (You found it on level 2 of the Lair of Beasts)

   It affects your strength (+8).
Jewellery
 r - a +6 ring of intelligence
 t - an amulet of the acrobat (around neck)
 u - a ring of willpower (left hand)
 x - a ring of positive energy
 E - a ring of wizardry
 O - a +6 ring of intelligence (right hand)
Wands
 g - a wand of random effects (78)
 j - a wand of polymorph (8)
 n - a wand of flame (21)
 w - a wand of acid (9)
 G - a wand of charming (5)
 H - a wand of mindburst (21)
 N - a wand of iceblast (21)
Scrolls
 b - a scroll of enchant armour
 k - a scroll of removedness
 l - 7 scrolls of identify
 C - 2 scrolls of immolation
 J - 3 scrolls of fear
 R - a scroll of teleportation
 T - 2 scrolls of enchant weapon
 W - a scroll of blinking
Potions
 c - 2 potions of heal wounds
 d - 3 potions of lignification
 e - a potion of invisibility
 h - 4 potions of curing
 o - 2 potions of brilliance {unknown}
 I - 3 potions of resistance
 X - a potion of haste
 Y - 3 potions of mutation {unknown}
Miscellaneous
 B - a phial of floods
 D - a tin of tremorstones (2/2)
 K - a lightning rod (4/4)


   Skills:
 + Level 8.7 Fighting
 - Level 13.9(14.0) Short Blades
 - Level 1.6(8.7) Long Blades
 - Level 10.1 Dodging
 - Level 14.0 Stealth
 - Level 7.0 Spellcasting
 - Level 15.0 Hexes
 - Level 6.0 Invocations
 - Level 5.0 Evocations


You had 17 spell levels left.
You knew the following spells:

 Your Spells              Type           Power      Damage    Failure   Level
a - Corona                Hex            74%        N/A       1%          1
b - Confusing Touch       Hex            67%        N/A       1%          3
c - Dazzling Flash        Conj/Hex       84%        N/A       1%          3
d - Tukima's Dance        Hex            67%        N/A       1%          3

Your spell library contained the following spells:

 Spells                   Type           Power      Damage    Failure   Level
 Ensorcelled Hibernation  Hex/Ice        84%        N/A       1%          2
 Inner Flame              Hex/Fire       42%        N/A       1%          3
 Animate Skeleton         Necr           16%        N/A       16%         1
 Foxfire                  Conj/Fire      32%        2x1d5     16%         1
 Metabolic Englaciation   Hex/Ice        21%        N/A       19%         5
 Yara's Violent Unravell  Hex/Tmut       21%        3d10      19%         5
 Conjure Flame            Conj/Fire      8%         6-21      41%         3
 Gell's Gravitas          Tloc           4%         N/A       41%         3
 Petrify                  Tmut/Erth      8%         N/A       83%         4
 Sticky Flame             Conj/Fire      8%         2d3       83%         4
 Fireball                 Conj/Fire      4%         3d4       99%         5
 Death Channel            Necr           4%         N/A       100%        6
 Simulacrum               Ice/Necr       4%         N/A       100%        6


Dungeon Overview and Level Annotations

Branches:
Dungeon (14/15)            Temple (0/1) D:7            Lair (6/6) D:11
  Swamp (0/4) Lair:3        Snake (0/4) Lair:3        Slime (0/5) Lair:5
    Orc (0/2) D:11          IceCv (visited)
 Vaults: D:13-14

Altars:
Ashenzari
Dithmenos
Elyvilon
Gozag
Kikubaaqudgha
Nemelex Xobeh
Okawaru
Qazlal
Sif Muna
Vehumet
Wu Jian
Xom
The Shining One
Jiyva

Portals:
Trove: D:12 (give +5 demon whip)

Annotations:
D:3 2 transporters
D:11 2 runed translucent doors, Stixsmaster's ghost, journeyman HOFi
D:12 Jorgrun
D:13 Louise
D:14 Kirke; Roxanne
Lair:2 Gastronok
Lair:5 exclusion: downstairs


Innate Abilities, Weirdness & Mutations

Your natural rate of healing is unusually fast.
You have razor-sharp teeth.
You have supernaturally acute eyesight. (SInv)
You can survive without breathing.


Message History

You hit the death yak but do no damage.
The death yak appears confused.
You hit the death yak but do no damage.
The death yak is poisoned.
The death yak closely misses you.
You hit the death yak.
The death yak looks even sicker.
The death yak is lightly wounded.
You hit the death yak but do no damage.
The death yak looks as sick as possible!
The death yak is lightly wounded.
You hit the death yak but do no damage.
The death yak looks as sick as possible!
The death yak is lightly wounded.
You hit the death yak but do no damage.
The death yak looks as sick as possible!
The death yak is lightly wounded.
The death yak barely misses you.
Casting: Corona (safe; 1% risk of failure)
Confirm with . or Enter, or press ? or * to list all spells.
Your hands begin to glow red.
The death yak closely misses you.
You hit the death yak but do no damage. You hit the death yak but do no damage.
The death yak gores you!!
The death yak gores the death yak but does no damage.
You hit the death yak but do no damage. You hit the death yak but do no damage.
The death yak gores you!! The death yak gores you.
You hit the death yak but do no damage. You hit the death yak but do no damage.
The death yak appears confused.
You bite the death yak, but do no damage.
The death yak closely misses you. The death yak gores you!
You hit the death yak.
The death yak is poisoned.
You bite the death yak, but do no damage.
The death yak is lightly wounded.
Your shadow hits the death yak but does no damage.
You catch the helpless death yak completely off-guard!
You stick the death yak like a pincushion!!!
The death yak looks as sick as possible!
The death yak is severely wounded.
The death yak gores you!!
* * * LOW HITPOINT WARNING * * *
The death yak gores you!!
You die...

### ##...#.P#.. #####.#
#...#.....# #.#..######
#....##....
#.........###...P.#....
#..........##..........
#......##.#.#..##.....#
##.......#......#......#
#........#...#..##..#P..
####......@....##.....#....
#.........YY#...#...##..P..
##....#.....#..###.####....
#.........##..###..###.##.
#..P...........##.##...#..
##...###.......###.###P.##.
#...## ####.....Y..# ##.##.
##..########.......###..##.
#..###.#.#.#.........#..##.


You could see 2 death yaks.

Vanquished Creatures
  Azrael (D:13)
  Fannar (D:11)
  A vault guard (D:12)
  6 hydras
  2 boulder beetles (D:12)
  A death knight (D:12)
  3 centaur warriors
  The ghost of Veteran the Protected, a novice DDFi of Okawaru (D:10)
  2 two-headed ogres
  Erica (D:8)
  A death yak (Lair:3)
  A tengu warrior (D:9)
  Urug (Lair:2)
  Nergalle (Lair:2)
  2 unseen horrors
  5 ugly things
  2 cyclopes (D:12)
  8 elephants
  2 manticores
  Joseph (D:9)
  A torpor snail (Lair:6)
  3 black mambas
  A guardian serpent (Lair:3)
  A gargoyle (D:13)
  18 cane toads
  A rime drake (Lair:6)
  9 komodo dragons
  A yaktaur (D:12)
  A yaktaur (shapeshifter) (D:12)
  A hornet (D:8)
  2 polar bears
  9 blink frogs
  A dream sheep (Lair:5)
  Sigmund (D:3)
  A wraith (D:10)
  2 shadows (D:12)
  48 yaks
  3 basilisks
  4 wyverns
  Grum (D:8)
  2 swamp worms (Lair:3)
  An acid dragon (D:13)
  19 water moccasins
  12 ice beasts
  4 black bears (D:9)
  2 eyes of draining (D:12)
  5 sky beasts
  6 orc warriors
  3 phantoms
  8 centaurs
  6 ogres
  19 wolves
  A boggart (D:12)
  2 kobold brigands
  17 bullfrogs
  5 scorpions
  17 killer bees
  7 wights
  4 electric eels (Lair:3)
  4 jellies
  A bullfrog zombie (D:5)
  4 hounds
  5 orc priests
  A gnoll shaman (D:5)
  3 centaur skeletons
  A bullfrog skeleton (D:7)
  Ijyb (D:3)
  6 iguanas
  11 orc wizards
  7 worker ants
  6 hell rats (Lair:5)
  A worker ant zombie (D:9)
  9 gnolls
  A howler monkey skeleton (D:4)
  13 adders
  6 river rats (Lair:5)
  7 white imps
  An ooze (D:5)
  2 adder zombies
  3 adder skeletons
  2 worms
  2 dart slugs (D:1)
  3 leopard geckos
  29 orcs
  2 ball pythons
  A bat zombie (D:2)
  7 giant cockroaches
  15 goblins
  7 hobgoblins
  5 jackals
  5 quokkas
  A ball python zombie (D:2)
  6 bats
  A frilled lizard (D:2)
  A giant cockroach zombie (D:2)
  A jackal skeleton (D:7)
  10 kobolds
  A leopard gecko zombie (D:2)
  A quokka skeleton (D:2)
  10 rats
495 creatures vanquished.

Vanquished Creatures (collateral kills)
  A two-headed ogre (D:11)
  An orc warrior (D:10)
  An ogre (D:12)
  A white imp (D:9)
  2 orcs
6 creatures vanquished.

Vanquished Creatures (others)
  A polar bear (IceCv)
  A dancing weapon (D:10)
  2 killer bees (D:11)
  A bush (Lair:6)
  50 fungi
  79 plants
134 creatures vanquished.

Grand Total: 635 creatures vanquished

Notes
Turn   | Place    | Note
-------+----------+-------------------------------------------
     0 | D:1      | Crag the Vampire Enchanter began the quest for the Orb.
     0 | D:1      | Reached XP level 1. HP: 13/13 MP: 3/3
   234 | D:1      | Reached XP level 2. HP: 19/19 MP: 5/5
   616 | D:1      | Reached XP level 3. HP: 22/24 MP: 6/6
   620 | D:1      | Learned a level 3 spell: Confusing Touch
  1484 | D:2      | Reached skill level 5 in Hexes
  1661 | D:2      | Reached XP level 4. HP: 14/30 MP: 7/7
  1988 | D:2      | Found an opulent altar of Gozag.
  2368 | D:3      | Found a shadowy altar of Dithmenos.
  2373 | D:3      | Became a worshipper of Dithmenos the Shadowed
  2529 | D:3      | Noticed Sigmund
  2537 | D:3      | Killed Sigmund
  2538 | D:3      | Reached skill level 6 in Hexes
  2538 | D:3      | Reached XP level 5. HP: 35/35 MP: 8/8
  2725 | D:3      | Reached XP level 6. HP: 41/41 MP: 9/9
  2772 | D:3      | Found a transporter.
  2815 | D:3      | Found a transporter.
  2954 | D:3      | Reached skill level 7 in Hexes
  3043 | D:3      | Noticed Ijyb
  3070 | D:3      | Killed Ijyb
  3357 | D:4      | Reached skill level 5 in Stealth
  3762 | D:5      | Entered Level 5 of the Dungeon
  3915 | D:5      | Reached skill level 8 in Hexes
  4002 | D:5      | Reached * piety under Dithmenos
  4003 | D:5      | Reached XP level 7. HP: 46/46 MP: 10/10
  4048 | D:5      | Found an ancient bone altar of Kikubaaqudgha.
  4051 | D:5      | Found a stormy altar of Qazlal.
  4052 | D:5      | Found a radiant altar of Vehumet.
  4052 | D:5      | Found a shimmering blue altar of Sif Muna.
  4052 | D:5      | Found a shimmering altar of Xom.
  4215 | D:5      | Reached skill level 5 in Short Blades
  4251 | D:5      | Found a glowing golden altar of the Shining One.
  5408 | D:6      | Identified the +4 leather armour of the Present {rElec rN+}
  5582 | D:6      | Reached ** piety under Dithmenos
  5773 | D:6      | Reached XP level 8. HP: 51/52 MP: 7/13
  5965 | D:7      | Found a white marble altar of Elyvilon.
  6158 | D:7      | Found a staircase to the Ecumenical Temple.
  6435 | D:7      | Reached skill level 5 in Dodging
  6566 | D:7      | Reached skill level 5 in Spellcasting
  6794 | D:7      | Learned a level 3 spell: Dazzling Flash
  7188 | D:8      | Noticed a hornet
  7189 | D:8      | Found a sparkling altar of Nemelex Xobeh.
  7190 | D:8      | Found an opulent altar of Gozag.
  7262 | D:8      | Paralysed by a hornet for 1 turns
  7279 | D:8      | Killed a hornet
  7280 | D:8      | Reached skill level 1 in Long Blades
  7280 | D:8      | Reached skill level 9 in Hexes
  7280 | D:8      | Reached XP level 9. HP: 33/57 MP: 15/17
  7319 | D:7      | Reached *** piety under Dithmenos
  8128 | D:8      | Reached skill level 10 in Hexes
  8135 | D:8      | Noticed Erica
  8344 | D:8      | Noticed Grum
  8452 | D:9      | Upgraded the game from 0.27-a0-215-g68775813e2 to
                  | 0.27-a0-277-g024f7ef292
  8517 | D:8      | Reached skill level 1 in Fighting
  8714 | D:8      | Killed Erica
  8715 | D:8      | Reached XP level 10. HP: 38/71 MP: 17/20
  8850 | D:8      | Found a broken altar of Ashenzari.
  8928 | D:8      | Killed Grum
  9071 | D:8      | Found an iron altar of Okawaru.
  9072 | D:8      | Found an ornate altar of the Wu Jian Council.
  9073 | D:8      | Found a glowing golden altar of the Shining One.
  9376 | D:9      | Noticed a centaur warrior
  9562 | D:9      | Identified a scroll of acquirement
  9562 | D:9      | Acquired an uncursed ring of willpower
  9626 | D:9      | Noticed Joseph
  9644 | D:9      | Killed Joseph
  9645 | D:9      | Reached skill level 5 in Fighting
 10232 | D:9      | Reached skill level 10 in Stealth
 10347 | D:9      | Got an ichor-stained leather armour
 10348 | D:9      | Identified the +1 leather armour "Axted" {Dex+5} (You found
                  | it on level 9 of the Dungeon)
 10589 | D:9      | Noticed a tengu warrior
 10640 | D:9      | Learned a level 3 spell: Tukima's Dance
 10694 | D:9      | Killed a tengu warrior
 10773 | D:9      | Killed a centaur warrior
 10774 | D:9      | Reached XP level 11. HP: 62/81 MP: 16/21
 11075 | D:10     | Entered Level 10 of the Dungeon
 11217 | D:10     | Noticed a two-headed ogre
 11381 | D:10     | Noticed Veteran's ghost (novice DDFi)
 11383 | D:10     | Found a runed translucent door.
 11972 | D:10     | Killed a two-headed ogre
 12118 | D:11     | Noticed a two-headed ogre
 12258 | D:11     | Noticed a brown ugly thing
 12259 | D:11     | Noticed an unseen horror
 12423 | D:9      | Reached skill level 11 in Hexes
 12493 | D:10     | Killed Veteran's ghost
 12655 | D:10     | Reached skill level 12 in Hexes
 12676 | D:11     | Killed an unseen horror
 12680 | D:11     | Killed a two-headed ogre
 12831 | D:11     | Identified Neorisy's Compendium of Flames and Evil Arts
 12882 | D:11     | Found a large runed translucent door.
 12883 | D:11     | Found a large runed translucent door.
 12891 | D:11     | Noticed Stixsmaster's ghost (journeyman HOFi)
 12980 | D:11     | Found a staircase to the Orcish Mines.
 13260 | D:12     | Noticed a boulder beetle
 13520 | D:11     | Found a shimmering altar of Xom.
 13520 | D:11     | Found a shimmering altar of Xom.
 13523 | D:11     | Found a shimmering altar of Xom.
 13524 | D:11     | Found a shimmering altar of Xom.
 13549 | D:11     | Found a staircase to the Lair.
 13561 | Lair:1   | Entered Level 1 of the Lair of Beasts
 13591 | Lair:1   | Reached skill level 10 in Short Blades
 13592 | Lair:1   | Reached **** piety under Dithmenos
 13609 | Lair:1   | Noticed a four-headed hydra
 13862 | Lair:1   | Found a frozen archway.
 13992 | IceCv    | Entered an ice cave
 14020 | IceCv    | Reached XP level 12. HP: 60/88 MP: 1/22
 14780 | Lair:1   | Got a transparent leather armour
 14791 | Lair:1   | Identified the +1 leather armour of Time Monsters {rPois}
                  | (You found it on level 1 of the Lair of Beasts)
 15055 | Lair:1   | Killed a four-headed hydra
 15715 | Lair:2   | Noticed a four-headed hydra
 15804 | Lair:2   | Killed a four-headed hydra
 15858 | Lair:2   | Noticed Urug
 15871 | Lair:2   | Killed Urug
 15890 | Lair:2   | Reached skill level 10 in Dodging
 16011 | Lair:2   | Noticed Nergalle
 16037 | Lair:2   | Killed Nergalle
 16037 | Lair:2   | Reached ***** piety under Dithmenos
 16054 | Lair:2   | Noticed a six-headed hydra
 16065 | Lair:2   | Killed a six-headed hydra
 16178 | Lair:2   | Got a smoking cloak
 16189 | Lair:2   | Identified the cursed +0 cloak "Resaban" {Str+8} (You found
                  | it on level 2 of the Lair of Beasts)
 16205 | Lair:2   | Noticed Gastronok
 16342 | Lair:2   | Reached skill level 13 in Hexes
 16721 | Lair:3   | Upgraded the game from 0.27-a0-277-g024f7ef292 to
                  | 0.27-a0-341-g40fdf68bc5
 17000 | Lair:3   | Noticed a seven-headed hydra
 17008 | Lair:3   | Killed a seven-headed hydra
 17041 | Lair:3   | Found a staircase to the Snake Pit.
 17088 | Lair:3   | Reached XP level 13. HP: 90/98 MP: 16/23
 17470 | Lair:3   | Reached skill level 5 in Invocations
 18037 | Lair:3   | Found a staircase to the Swamp.
 18389 | Lair:4   | Reached skill level 14 in Hexes
 18471 | Lair:4   | Got a jewelled long sword
 18472 | Lair:4   | Identified the +8 long sword of Impermanence {freeze, rElec
                  | Int+5} (You found it on level 4 of the Lair of Beasts)
 19753 | Lair:5   | Got a bloodstained rapier
 19754 | Lair:5   | Identified the +3 rapier "Q" {venom, +Blink rElec Will+
                  | Str-4} (You found it on level 5 of the Lair of Beasts)
 20035 | Lair:5   | Found a viscous altar of Jiyva.
 20035 | Lair:5   | Found a staircase to the Slime Pits.
 20542 | Lair:6   | Entered Level 6 of the Lair of Beasts
 20594 | Lair:5   | Reached skill level 15 in Hexes
 20596 | Lair:5   | Reached skill level 1 in Evocations
 21679 | Lair:5   | Reached skill level 5 in Evocations
 21893 | Lair:6   | Got a fine robe
 21928 | Lair:6   | Identified the +0 robe of Divine Compulsion {*Corrode rF+
                  | Str+3 Int+3} (You found it on level 6 of the Lair of
                  | Beasts)
 21963 | Lair:6   | Noticed a dire elephant
 21969 | Lair:6   | Noticed a dire elephant
 22231 | D:11     | Noticed Fannar
 22514 | D:12     | Noticed Jorgrun
 22948 | D:12     | Reached XP level 14. HP: 48/105 MP: 11/24
 23126 | D:12     | Found a portal to a secret trove of treasure.
 23326 | D:12     | Upgraded the game from 0.27-a0-341-g40fdf68bc5 to
                  | 0.27-a0-535-g7eaf864cf9
 23700 | D:12     | jorgrunn
 25140 | D:14     | Identified Roxanne's Grimoire of Changing
 25140 | D:14     | Noticed Roxanne
 25235 | D:14     | Noticed Azrael
 25246 | D:13     | Killed Azrael
 25724 | D:11     | Killed Fannar
 26042 | D:14     | Noticed Louise
 26042 | D:14     | Noticed Kirke
 26488 | Lair:3   | Slain by a death yak

Illustrated notes

### #.............#.#
..###...............#
....................#
#...................#
######..............##
#$.............############
..............†...........
..........#####.#########
........@.##.......###.#.
.g.....#.#.#.....#.#....
#.....##.#..#...#..##.#^
#..... #.#...#.#...#....
##... #......#.....#.#.
##.# #.#...#.#...#.... ..
#.#..#...#..##.#. ##.#
.#.#.....#.#.... ##..#
##...[...###.#.


Turn 23700 on D:12: jorgrunn

Levels and vault maps discovered:
D:1:      dpeg_arrival_brainrot, layout_basic
D:2:      layout_loops_corners, serial_undead, serial_undead_a, serial_undead_a,
          serial_undead_d, serial_undead_e, nicolae_gozag_seed_capital
D:3:      layout_basic, lemuel_crystal_altar, gammafunk_ghost_gnarly_gnolls,
          minmay_bisected, uniq_sigmund, uniq_ijyb
D:4:      kb_forest_paths, layout_basic
D:5:      layout_loops_cross, grunt_temple_overflow_open, basic_altar
D:6:      layout_rooms, dk_vineyard_1, kennysheep_generic_room_14
D:7:      layout_basic, lemuel_doored_altar,
          minmay_temple_entry_statues_pillars, kennysheep_generic_room_13
D:8:      layout_cave_pools, grunt_temple_overflow_opulence,
          nicolae_overflow_crystal_walls,
          chequers_temple_overflow_statue_of_worship, uniq_grum, uniq_erica
D:9:      nzn_winding_woodlands_small [nzn_winding_woodlands_5x15_sidewinder,
          nzn_winding_woodlands_center_diamonds,
          nzn_winding_woodlands_5x15_zeroes], layout_gridville, uniq_joseph
D:10:     layout_basic, gammafunk_ghost_grave
D:11:     layout_cave_pools, david_lair_shrubbed, david_orc_2,
          ebering_ghost_disaster_area, enter_bailey_5, serial_park_tiny_pond,
          xom_redecorated, uniq_fannar
D:12:     minmay_the_grid_4x2 [minmay_the_grid_minigrid_small_alt,
          minmay_the_grid_minigrid_small, minmay_the_grid_paths,
          minmay_the_grid_x, minmay_the_grid_tree, minmay_the_grid_rooms,
          minmay_the_grid_minigrid_medium, minmay_the_grid_prize_four_corners],
          layout_cave_pods, serial_shops, shop_coins, enter_trove_5,
          uniq_jorgrun
D:13:     layout_layer_cave
D:14:     layout_basic, erik_vaults_1, serial_shops, shop_statue,
          hangedman_abyss_or_decor_passed, uniq_kirke, uniq_azrael,
          uniq_roxanne, uniq_louise
Lair:1:   layout_regular_city, portal_ice_cave_entry_ice_beasts
Lair:2:   layout_regular_city, uniq_gastronok, uniq_nergalle, uniq_urug
Lair:3:   layout_loops_ring, nicolae_swamp_entry_splash_gauntlet,
          minmay_snake_entry_spellcaster, st_stairs_3, serial_bayou_ford_a
Lair:4:   layout_gridlike, grunt_megastairs_3
Lair:5:   layout_roguey, dpeg_slime_entry_enclosed_altar,
          minmay_stone_trees_medium, kennysheep_abandoned_house
Lair:6:   evil_forest, layout_gridlike, grunt_megastairs_1

Skill      XL: |  1  2  3  4  5  6  7  8  9 10 11 12 13 14 |
---------------+-------------------------------------------+-----
Short Blades   | 2 3 4 6 7 9 11 12 13 | 13.9
Hexes          | 5 6 8 9 10 12 13 15 | 15.0
Dodging        | 4 5 6 7 8 10 | 10.1
Stealth        | 6 8 10 12 13 14 | 14.0
Spellcasting   | 3 5 6 7 |  7.0
Long Blades    | 1 |  1.6
Fighting       | 4 6 8 |  8.7
Invocations    | 2 3 6 |  6.0
Evocations     | 5 |  5.0

Action                   |  1- 3 |  4- 6 |  7- 9 | 10-12 | 13-15 || total
-------------------------+-------+-------+-------+-------+-------++-------
Melee: Dagger            |   151 |   203 |   671 |   113 |       ||  1138
       Bite              |     8 |    22 |    82 |   112 |   125 ||   349
       Rapier            |       |       |       |   358 |   519 ||   877
       Short sword       |       |       |       |   329 |   221 ||   550
Throw: Dart              |       |       |       |       |     5 ||     5
 Cast: Corona            |    12 |    12 |    43 |    97 |    87 ||   251
       Confusing Touch   |       |     7 |    71 |   140 |   151 ||   369
       Dazzling Flash    |       |       |     2 |     9 |     1 ||    12
       Tukima's Dance    |       |       |       |    12 |     2 ||    14
Invok: Shadow Step       |       |       |     1 |     1 |     3 ||     5
Evoke: Wand              |       |       |       |     1 |       ||     1
       Lightning rod     |       |       |       |     1 |       ||     1
  Use: Potion            |       |     5 |     1 |     7 |       ||    13
       Scroll            |       |     8 |     3 |     8 |     5 ||    24
 Stab: Sleeping          |     6 |     9 |     7 |    18 |    15 ||    55
       Distracted        |     1 |     1 |     1 |     1 |       ||     4
       Confused          |       |     9 |    60 |   135 |   139 ||   343
       Invisible         |       |       |     1 |    10 |     1 ||    12
Armor: Robe              |    20 |    26 |     4 |       |       ||    50
       Leather armour    |       |       |    78 |    99 |    57 ||   234
Dodge: Dodged            |    86 |    89 |   386 |   540 |   347 ||  1448

Table legend: (Time is in decaauts)
 A = Elapsed time spent in this place.
 B = Non-inter-level travel time spent in this place.
 C = Inter-level travel time spent in this place.
 D = Time resting spent in this place.
 E = Time spent auto-exploring this place.
 F = Levels seen in this place.
 G = Mean time per level.
                   A        B        C        D        E       F      G
               +--------+--------+--------+--------+--------+-----+--------+
         Total |  25647 |  23776 |   1871 |   6646 |   9214 |  21 | 1221.3 |
       Dungeon |  17066 |  15635 |   1431 |   4218 |   5969 |  14 | 1219.0 |
          Lair |   8212 |   7773 |    439 |   2242 |   3244 |   6 | 1368.7 |
      Ice Cave |    368 |    368 |      0 |    186 |      0 |   1 |  368.0 |
               +--------+--------+--------+--------+--------+-----+--------+

Top non-repeatable levels by time:
    D:12: 2146 daAuts
  Lair:5: 2092 daAuts
     D:7: 1823 daAuts
     D:9: 1814 daAuts
  Lair:3: 1755 daAuts
    D:13: 1591 daAuts
  Lair:2: 1493 daAuts
     D:8: 1476 daAuts
  Lair:1: 1267 daAuts
    D:10: 1218 daAuts
     D:2: 1171 daAuts
     D:1: 1159 daAuts
     D:5: 1138 daAuts
     D:6: 1037 daAuts
  Lair:4: 1019 daAuts
